 Dungeon Crawl Stone Soup version 0.27-b1-41-gafb5482f4b (webtiles) character file.

Game seed: 12236622930156534112

2286 Urokeeper the Spear-Bearer (level 9, 0/79 HPs)
             Began as a Minotaur Berserker on July 28, 2021.
             Was a Priest of Trog.
             Slain by an orc warrior (20 damage)
             ... on level 7 of the Dungeon.
             The game lasted 00:19:15 (5363 turns).

Urokeeper the Spear-Bearer (Minotaur Berserker)     Turns: 5363, Time: 00:19:15

Health: 0/79       AC: 12    Str: 26    XL:     9   Next: 17%
Magic:  8/8        EV: 10    Int:  4    God:    Trog [***...]
Gold:   276        SH: 10    Dex:  9    Spells: 8/8 levels left

rFire    x . .     SeeInvis .   a - +0 spear
rCold    + . .     Faith    .   z - +0 kite shield {AC+3}
rNeg     . . .     Spirit   .   d - +0 ring mail
rPois    .         Reflect  .   (helmet restricted)
rElec    .         Harm     .   (no cloak)
rCorr    .         Rampage  .   o - +0 pair of gloves
Will     .....                  w - +0 pair of boots
Stlth    +.........             k - amulet of regeneration
HPRegen  1.23/turn              j - ring of ice
MPRegen  0.11/turn              (no ring)

@: on berserk cooldown, slowed, very slow
A: horns 2, retaliatory headbutt
a: Renounce Religion, Berserk, Trog's Hand


You were on level 7 of the Dungeon.
You worshipped Trog.
Trog was most pleased with you.
You visited 1 branch of the dungeon, and saw 7 of its levels.

You collected 276 gold pieces.

Inventory:

Hand Weapons
 a - a +0 spear (weapon)
 c - a +0 flail
 i - a +2 dagger of pain
 r - a +0 long sword
 s - the +4 hand crossbow of Demonic Defence {vorpal, rElec rF+ MP-9}
   (You found it on level 4 of the Dungeon)

   Any ammunition fired from it inflicts extra damage upon your enemies.
   rF:        It protects you from fire.
   rElec:     It insulates you from electricity.
   MP:        It affects your magic capacity (-9).
 C - a +0 glaive
 J - the +5 arbalest of Optimality {elec, Str+2 Dex-4 SInv}
   (You found it on level 6 of the Dungeon)

   Any ammunition fired from it occasionally discharges a powerful burst of
   electricity upon striking a foe.
   Str:       It affects your strength (+2).
   Dex:       It affects your dexterity (-4).
   SInv:      It lets you see invisible.
Missiles
 e - 90 bolts
 v - 21 poisoned darts (quivered)
 G - 4 boomerangs of dispersal
Armour
 b - a +0 animal skin
 d - a +0 ring mail (worn)
 o - a +0 pair of gloves (worn)
 w - a +0 pair of boots (worn)
 z - a +0 kite shield of protection (worn)
Jewellery
 j - a ring of ice (left hand)
 k - an amulet of regeneration (around neck)
 n - an amulet of regeneration
 H - a +4 ring of slaying
Wands
 u - a wand of polymorph (1)
 x - a wand of paralysis (9)
 K - a wand of flame (25)
Scrolls
 f - 6 scrolls of identify {unknown}
 h - 3 scrolls of immolation {unknown}
 l - 3 scrolls of teleportation {unknown}
 m - 2 scrolls of brand weapon {unknown}
 p - a scroll of amnesia {unknown}
 y - a scroll of torment {unknown}
 A - 2 scrolls of fear {unknown}
 E - a scroll of enchant armour {unknown}
 F - a scroll of enchant weapon {unknown}
Potions
 g - 3 potions of flight {unknown}
 q - 2 potions of curing {unknown}
 t - a potion of degeneration {unknown}
 B - a potion of resistance {unknown}
 D - 2 potions of mutation {unknown}
 I - a potion of heal wounds


   Skills:
 + Level 7.2 Fighting
 + Level 9.2 Polearms
 + Level 7.1 Armour
 + Level 4.9 Dodging
 + Level 1.1 Stealth
 * Level 5.3 Shields


You had 8 spell levels left.
You didn't know any spells.
Your spell library contained the following spells:

 Spells                   Type           Power      Damage    Failure   Level
 Inner Flame              Hex/Fire       0%         N/A       100%        3
 Cause Fear               Hex            0%         N/A       100%        4
 Discord                  Hex            0%         N/A       100%        8


Dungeon Overview and Level Annotations

Branches:
Dungeon (7/15)             Temple (0/1) D:5

Altars:
Ashenzari
Dithmenos
Gozag
Nemelex Xobeh
Trog
Wu Jian
The Shining One

Annotations:
D:5 1 runed translucent door, Lordarticus's ghost, novice DsNe


Innate Abilities, Weirdness & Mutations

You have a pair of horns on your head.
You reflexively headbutt those who attack you in melee.


Message History

You barely miss something. Your headbutt misses something.
The orc warrior hits you with a +0 glaive!
* * * LOW HITPOINT WARNING * * *
You hit something.
You hear some strange, mumbled words.
Something tries to affect you, but you resist.
You closely miss something. You headbutt something. Trog accepts your kill.
Trog appreciates your killing of a magic user.
Reactivating autopickup.
You feel a bit more experienced. The orc warrior closely misses you.
The orc hits you but does no damage.
Things that are here:
a +0 dagger; a +0 robe; an orc corpse You completely miss the orc.
The orc warrior hits you but does no damage.
You hit the orc. You headbutt the orc.
You kill the orc!
Trog accepts your kill.
You barely miss the orc warrior. Your headbutt misses the orc warrior.
The orc warrior hits you with a +0 glaive!
* * * LOW HITPOINT WARNING * * *
You hit the orc warrior but do no damage.
You block the orc warrior's attack.
You closely miss the orc warrior. Your headbutt misses the orc warrior.
You impale the orc warrior!!
The orc warrior is severely wounded.
You block the orc warrior's attack.
You hit the orc warrior. Your headbutt misses the orc warrior.
The orc warrior is almost dead.
You are no longer berserk.
You are exhausted.
You feel yourself slow down.
You closely miss the orc warrior.
The orc warrior is almost dead.
The orc warrior barely misses you.
You closely miss the orc warrior. Your headbutt misses the orc warrior.
The orc warrior is almost dead.
The orc warrior hits you with a +0 glaive!!
You die...

#.#....# #...##.......#
#. .......#
##.#>##.#####.# #.
...##### #....##.# #.#
#. ... #....##.# #.# #.
....# #....##.# #.# #.
######....##.#####.# #.
#....#....##.....#.# #.
####....#...)######.#.#
#. ........'..o@#
#.#.######.
####....####)#
#.......... #....# #.#
###.####### #..o.#
#.########.# #..o.#
#..........# #....#
############ #....#
######


You could see an orc warrior.

Vanquished Creatures
  Pikel (D:5)
  A troll (D:7)
  A sky beast (D:6)
  2 black bears (D:5)
  2 ice beasts
  3 necrophages
  A centaur (D:2)
  A lemure (D:5)
  A kobold brigand (D:4)
  A gnoll sergeant (D:5)
  A wyvern zombie (D:7)
  A water moccasin skeleton (D:4)
  A bullfrog zombie (D:6)
  A bullfrog skeleton (D:6)
  A centaur zombie (D:6)
  A jelly (D:5)
  2 hounds
  4 orc priests
  2 orc wizards
  8 adders
  3 gnolls (D:5)
  A howler monkey skeleton (D:6)
  2 white imps (D:5)
  2 ufetubi
  A worm (D:2)
  2 dart slugs (D:1)
  The ghost of hawla the Sneak, a weakling DEDe (D:4)
  10 orcs
  6 ball pythons
  6 endoplasms
  9 goblins
  4 hobgoblins
  8 jackals
  13 kobolds
  A quokka (D:3)
  5 bats
  2 frilled lizards (D:1)
  3 rats
115 creatures vanquished.

Vanquished Creatures (others)
  A fungus (D:4)
  A plant (D:4)
2 creatures vanquished.

Grand Total: 117 creatures vanquished

Notes
Turn   | Place    | Note
-------+----------+-------------------------------------------
     0 | D:1      | Urokeeper the Minotaur Berserker began the quest for the
                  | Orb.
     0 | D:1      | Reached XP level 1. HP: 19/19 MP: 0/0
   116 | D:1      | Reached XP level 2. HP: 27/27 MP: 1/1
   120 | D:1      | Reached skill level 4 in Polearms
   438 | D:1      | Reached ** piety under Trog
   444 | D:1      | Reached XP level 3. HP: 32/33 MP: 2/2
  1322 | D:2      | Reached XP level 4. HP: 38/41 MP: 3/3
  1630 | D:3      | Noticed a centaur
  1643 | D:2      | Killed a centaur
  1644 | D:2      | Reached skill level 5 in Polearms
  1644 | D:2      | Reached XP level 5. HP: 21/47 MP: 4/4
  1976 | D:3      | Found an opulent altar of Gozag.
  2374 | D:3      | Found a broken altar of Ashenzari.
  2383 | D:3      | Found a glowing golden altar of the Shining One.
  2751 | D:4      | Noticed a necrophage
  2766 | D:4      | Killed a necrophage
  2767 | D:4      | Reached XP level 6. HP: 55/55 MP: 5/5
  2888 | D:4      | Identified the +4 hand crossbow of Demonic Defence {vorpal,
                  | rElec rF+ MP-9}
  2923 | D:4      | Found a runed translucent gate.
  2923 | D:4      | Found a runed translucent gate.
  2923 | D:4      | Found a runed translucent gate.
  2924 | D:4      | Noticed hawla's ghost (weakling DEDe)
  2940 | D:4      | Killed hawla's ghost
  2951 | D:4      | Reached skill level 5 in Fighting
  2951 | D:4      | Reached skill level 6 in Polearms
  2951 | D:4      | Reached skill level 5 in Armour
  3113 | D:4      | Found a shadowy altar of Dithmenos.
  3113 | D:4      | Found an ornate altar of the Wu Jian Council.
  3114 | D:4      | Found a bloodstained altar of Trog.
  3548 | D:5      | Entered Level 5 of the Dungeon
  3606 | D:5      | Noticed Pikel
  3617 | D:5      | Reached XP level 7. HP: 61/61 MP: 6/6
  3634 | D:5      | Killed Pikel
  3635 | D:5      | Reached skill level 7 in Polearms
  3635 | D:5      | Reached skill level 1 in Stealth
  3646 | D:5      | Reached XP level 8. HP: 37/70 MP: 7/7
  3677 | D:5      | Reached skill level 8 in Polearms
  3729 | D:5      | Found a staircase to the Ecumenical Temple.
  3876 | D:5      | Reached *** piety under Trog
  3985 | D:5      | Reached skill level 1 in Shields
  4115 | D:5      | Found a runed translucent door.
  4115 | D:5      | Noticed Lordarticus's ghost (novice DsNe)
  4647 | D:6      | Found a sparkling altar of Nemelex Xobeh.
  4695 | D:6      | Identified the +5 arbalest of Optimality {elec, Str+2 Dex-4
                  | SInv}
  5086 | D:7      | Noticed a troll
  5098 | D:7      | Killed a troll
  5099 | D:7      | Reached skill level 9 in Polearms
  5099 | D:7      | Reached XP level 9. HP: 79/79 MP: 8/8
  5197 | D:7      | Reached skill level 5 in Shields
  5363 | D:7      | Slain by an orc warrior

Illustrated notes

Levels and vault maps discovered:
D:1:      denvon_arrival_waterhouse, layout_basic
D:2:      layout_basic, serial_co_window_serial, co_window_of_opportunity_a,
          co_window_paths_a, co_window_of_opportunity_a, co_window_corner_a,
          co_window_paths_a, co_window_corner_cb, co_window_broadway_c,
          co_window_paths_c, co_window_broadway_c, co_window_broadway_a,
          co_window_corner_b, glass_columns_b, glass_columns_a, glass_columns_c,
          glass_columns_a, glass_columns_a, minmay_distorted
D:3:      layout_basic, nicolae_gozag_seed_capital, mainiacjoe_overflow_swirl,
          kennysheep_minor_cross, chequers_serial_rivers_small_3
D:4:      layout_basic, gammafunk_temple_overflow_claw,
          gammafunk_ghost_nasty_kobolds, minmay_surrounded
D:5:      layout_loops_cross, temple_fountains, gammafunk_ghost_grave,
          uniq_pikel
D:6:      layout_cave_pools, nemelex_spade_bored_becter
D:7:      layout_basic, chequers_serial_rivers_micro_d

Skill      XL: |  1  2  3  4  5  6  7  8  9 |
---------------+----------------------------+-----
Fighting       | 4 5 6 7 |  7.2
Polearms       | 4 5 6 7 9 |  9.2
Armour         | 3 4 5 6 7 |  7.1
Dodging        | 3 4 |  4.9
Stealth        | 1 |  1.1
Shields        | 4 5 |  5.3

Action                   |  1- 3 |  4- 6 |  7- 9 || total
-------------------------+-------+-------+-------++-------
Melee: Spear             |    76 |   140 |   209 ||   425
       Headbutt          |    14 |    19 |    41 ||    74
Invok: Berserk           |       |     3 |     4 ||     7
       Trog's Hand       |       |       |     1 ||     1
Armor: Ring mail         |    10 |    32 |    54 ||    96
       Skin              |       |    14 |       ||    14
Dodge: Dodged            |    27 |    67 |    70 ||   164
Block: Kite shield       |       |       |    57 ||    57
